 Seeded DCSS version 0.30-a0-341-g682706514a (webtiles) character file.

Game seed: 6296361568308551635 (custom seed)

267 Hubris850 the Insei (level 6, -2/38 HPs)
             Began as an Octopode Transmuter on Nov 4, 2022.
             Slain by Crazy Yiuf
             ... wielding a +3 quarterstaff of chaos
              (13 damage)
             ... on level 3 of the Dungeon.
             The game lasted 00:04:53 (1735 turns).

Hubris850 the Insei (Octopode Transmuter)           Turns: 1735, Time: 00:04:54

Health: -2/38      AC:  2    Str: 10    XL:     6   Next: 21%
Magic:  8/11       EV: 20    Int: 17    God:
Gold:   135        SH:  0    Dex: 17    Spells: 8/12 levels left

rFire   . . .      SeeInvis .      - Unarmed
rCold   . . .      Faith    .    (shield currently unavailable)
rNeg    . . .      Spirit   .    (helmet currently unavailable)
rPois   x          Reflect  .    (no amulet)
rElec   .          Harm     .    (no ring)
rCorr   .          Rampage  .    (no ring)
Will    .....                    (no ring)
Stlth   ++........               (no ring)
HPRegen 0.26/turn                (no ring)
MPRegen 0.12/turn                (no ring)
                                 (no ring)
                                 (no ring)

@: lethally poisoned (-2 -> -29), spider-form
A: venomous fangs, almost no armour, (amphibious), 8 rings, tiny, (camouflage
1), (gelatinous body 1), (nimble swimmer 1), (tentacles)
a: End Transformation


You were on level 3 of the Dungeon.
You were a venomous arachnid creature.
You visited 1 branch of the dungeon, and saw 3 of its levels.

You collected 135 gold pieces.

Inventory:

Missiles
 c - 6 boomerangs
 e - 2 poisoned darts
 h - 3 curare-tipped darts
Armour
 q - a +2 hat (melded)
Scrolls
 d - a scroll of butterflies {unknown}
 i - 2 scrolls of teleportation {unknown}
 j - a scroll of blinking {unknown}
 k - 3 scrolls of identify {unknown}
 m - a scroll of vulnerability {unknown}
 o - a scroll of enchant weapon {unknown}
 p - a scroll of poison
Potions
 a - a potion of lignification
 b - a potion of mutation {unknown}
 f - a potion of attraction {unknown}
 g - 2 potions of curing
 l - a potion of heal wounds {unknown}
 n - a potion of haste {unknown}


   Skills:
 - Level 1.0 Fighting
 - Level 3.0 Dodging
 + Level 4.3 Unarmed Combat
 + Level 3.5 Spellcasting
 + Level 3.7 Transmutations


You had 8 spell levels left.
You knew the following spells:

 Your Spells              Type           Power      Damage    Failure   Level
a - Beastly Appendage     Tmut           30%        N/A       12%         1
b - Spider Form           Tmut/Pois      9%         N/A       45%         3

Your spell library contained the following spells:

 Spells                   Type           Power      Damage    Failure   Level
 Wereblood                Tmut           15%        N/A       16%         2
 Kiss of Death            Conj/Necr      8%         2d6       36%         1
 Confusing Touch          Hex            2%         N/A       67%         3
 Ice Form                 Ice/Tmut       9%         N/A       80%         4
 Dispel Undead            Necr           2%         3d7       95%         4


Dungeon Overview and Level Annotations

Branches:
Dungeon (3/15)

Altars:

Shops:
D:1 =

Annotations:
D:3 Crazy Yiuf


Innate Abilities, Weirdness & Mutations

You are a venomous arachnid creature.
You have poisonous fangs.
You are tiny and dextrous.
Your spellcasting is less reliable in this form.
Your armour is entirely melded.
You are incapable of wielding weapons or throwing items.
You cannot wear most types of armour.
((You are amphibious.))
You can wear up to eight rings at the same time.
((Your skin changes colour to match your surroundings (Stealth+).))
((Your rubbery body absorbs attacks. (AC +1, EV +1)))
((You are camouflaged when in or above water. (Stealth+)))
((You have tentacles for arms and can constrict up to eight enemies at once.))


Message History

Training target 3.0 for Dodging reached!
Your Dodging skill increases to level 3!
Your Unarmed Combat skill increases to level 4!
Your Spellcasting skill increases to level 3!
Your Transmutations skill increases to level 3!
You have reached level 5!
You feel stronger.
You have reached level 6!
Unknown command.
This spell is quite dangerous to cast!
Memorise Spider Form, consuming 3 spell levels and leaving 8?
You start memorising the spell.
You continue memorising. x3
You finish memorising.
Spell assigned to 'b'.
Magic restored.
You see here a +0 club.
Found a runed translucent door.
As you open the door, it creaks loudly!
Crazy Yiuf shouts!
Cast which spell? (? or * to list)
The spell is quite dangerous to miscast (24% risk of failure)!
Continue anyway?
You turn into a venomous arachnid creature.
Your +2 hat melds into your body.
You aren't carrying any items that you can evoke.
Unknown command.
You can't do that in your present form.
You barely miss Crazy Yiuf. Crazy Yiuf closely misses you.
You barely miss Crazy Yiuf. Crazy Yiuf barely misses you.
You hit Crazy Yiuf.
Crazy Yiuf is poisoned.
Crazy Yiuf is lightly wounded.
Crazy Yiuf hits you with a +3 quarterstaff of chaos!
Crazy Yiuf burns you.
You barely miss Crazy Yiuf.
Crazy Yiuf is lightly wounded.
Crazy Yiuf hits you with a +3 quarterstaff of chaos!
You are lethally poisoned!
You hit Crazy Yiuf.
Crazy Yiuf looks as sick as possible!
Crazy Yiuf is heavily wounded.
* * * LOW HITPOINT WARNING * * *
You feel extremely sick.
Crazy Yiuf hits you with a +3 quarterstaff of chaos!
You die...

###.####.###
#.#.##.....#
.......#.###
#.#......#
#####
###.####.#
#..)#
.##......#
#...#
.#########
... .#
###### #g#
.# .....#
##s#
.###.....#
#.##
>........#
##.#
..##†....#
#.## ..#
.....# ##.##
..# ######
#...## ..#
#....# ###
#....#
###..##


You could see Crazy Yiuf (extremely poisoned).

Vanquished Creatures
  Grinder (D:3)
  An orc wizard (D:3)
  A worm (D:2)
  A dart slug (D:1)
  2 orcs (D:3)
  4 ball pythons
  6 endoplasms
  2 giant cockroaches (D:1)
  3 hobgoblins
  4 jackals (D:2)
  2 quokkas
  8 bats
  3 frilled lizards (D:2)
  4 goblins
  6 kobolds
  5 rats
53 creatures vanquished.

Notes
Turn   | Place    | Note
-------+----------+-------------------------------------------
     0 | D:1      | Hubris850 the Octopode Transmuter began the quest for the
                  | Orb.
     0 | D:1      | Reached XP level 1. HP: 13/13 MP: 3/3
   145 | D:1      | Reached XP level 2. HP: 17/18 MP: 5/5
   355 | D:1      | Found a faded altar of an unknown god.
   423 | D:1      | Found Nadu Qea's One-of-a-Kind Rings.
   598 | D:1      | Identified a scroll of acquirement
   598 | D:1      | Acquired a book of Touch
   631 | D:2      | Reached XP level 3. HP: 17/23 MP: 6/6
  1324 | D:3      | Reached XP level 4. HP: 3/28 MP: 6/8
  1607 | D:3      | Noticed Grinder
  1616 | D:3      | Killed Grinder
  1617 | D:3      | Reached skill level 4 in Unarmed Combat
  1617 | D:3      | Reached XP level 5. HP: 15/33 MP: 8/10
  1617 | D:3      | Reached XP level 6. HP: 17/38 MP: 8/11
  1621 | D:3      | Learned a level 3 spell: Spider Form
  1724 | D:3      | Found a runed translucent door.
  1725 | D:3      | Noticed Crazy Yiuf
  1735 | D:3      | Slain by Crazy Yiuf

Illustrated notes

Levels and vault maps discovered:
D:1:      nicolae_arrival_memento_mori, layout_rooms,
          dreamdust_ecumenical_altar_angels_and_demons,
          nicolae_shop_unique_rings, nicolae_figureground_pulse
D:2:      layout_rooms, kennysheep_cross_room, minmay_tromino_mix6
D:3:      layout_loops_cross, uniq_grinder, uniq_crazy_yiuf_cottage

Skill      XL: |  1  2  3  4 |
---------------+-------------+-----
Dodging        | 3 |  3.0
Unarmed Combat | 4 |  4.3
Spellcasting   | 3 |  3.5
Transmutations | 3 |  3.7
Fighting       | |  1.0

Action                   |  1- 3 |  4- 6 || total
-------------------------+-------+-------++-------
Melee: Unarmed           |   110 |    25 ||   135
       Constrict         |    23 |     5 ||    28
       Tentacles         |    21 |     5 ||    26
       Punch             |     1 |       ||     1
 Cast: Spider Form       |       |     1 ||     1
  Use: Scroll            |     4 |       ||     4
       Potion            |       |     1 ||     1
 Stab: Sleeping          |    10 |     1 ||    11
Armor: Skin              |     8 |       ||     8
Dodge: Dodged            |    64 |    12 ||    76

Table legend: (Time is in decaauts)
 A = Elapsed time spent in this place.
 B = Non-inter-level travel time spent in this place.
 C = Inter-level travel time spent in this place.
 D = Time resting spent in this place.
 E = Time spent auto-exploring this place.
 F = Levels seen in this place.
 G = Mean time per level.
                   A        B        C        D        E       F      G
               +--------+--------+--------+--------+--------+-----+--------+
         Total |   1726 |   1712 |     14 |    220 |   1086 |   3 |  575.3 |
       Dungeon |   1726 |   1712 |     14 |    220 |   1086 |   3 |  575.3 |
               +--------+--------+--------+--------+--------+-----+--------+

Top non-repeatable levels by time:
     D:1: 603 daAuts
     D:3: 581 daAuts
     D:2: 541 daAuts
